 Dungeon Crawl Stone Soup version 0.30-a0-1093-gcfb1e0cf12 (console) character file.

Game seed: 17326387194608185031

206 Banquo the Chopper (level 6, 0/46 HPs)
             Began as a Djinni Fighter on Apr 17, 2023.
             Killed by divine providence
             ... invoked by an orc priest
              (7 damage)
             ... on level 3 of the Dungeon.
             The game lasted 00:09:29 (1801 turns).

Banquo the Chopper (Djinni Fighter)                 Turns: 1801, Time: 00:09:30

Health: 0/46       AC:  6    Str: 15    XL:     6   Next: 10%
Gold:   126        EV:  9    Int: 11    God:
                   SH:  5    Dex: 13

rFire   + + .      SeeInvis .    a - +2 war axe
rCold   x . .      Faith    .    c - +1 buckler
rNeg    . . .      Spirit   .    b - +0 scale mail
rPois   ∞          Reflect  .    (no helmet)
rElec   .          Rampage  .    (no cloak)
rCorr   .                        (no gloves)
Will    .....                    (boots unavailable) Stlth
                                 j - amulet of regeneration
HPRegen 1.07/turn                (no ring)
MPRegen 0.00/turn                (no ring)

@: flying
A: sickness immunity, fire resistance 2, cold vulnerability 1, float, innate
caster, HP casting, extra vitality 1
a: no special abilities


You were on level 3 of the Dungeon.
You visited 1 branch of the dungeon, and saw 3 of its levels.

You collected 126 gold pieces.

Inventory:

Hand Weapons
 a - a +2 war axe (weapon)
 i - a +1 dagger of venom
Missiles
 g - 2 boomerangs (quivered)
 m - 4 curare-tipped darts
Armour
 b - a +0 scale mail (worn)
 c - a +1 buckler (worn)
 h - a +0 ring mail
 n - a +0 leather armour
Jewellery
 j - an amulet of regeneration (around neck)
Scrolls
 e - a scroll of silence
Potions
 d - a potion of might
 f - 2 potions of lignification
 k - a potion of ambrosia {unknown}
 l - 2 potions of curing {unknown}
 o - 2 potions of mutation {unknown}


   Skills:
 * Level 3.4 Fighting
 * Level 4.1 Axes
 + Level 3.1 Armour
 + Level 0.5 Dodging
 + Level 3.2 Shields
 * Level 0.9 Spellcasting


You knew the following spells:

 Your Spells              Type           Power      Damage    Failure   Level
f - Poisonous Vapours     Pois/Air       4%         N/A       86%         2
z - Foxfire               Conj/Fire      8%         2x1d4     73%         1
Your spell library was empty.

Dungeon Overview and Level Annotations

Branches:
Dungeon (3/15)

Altars:

Shops:
D:1 (


Innate Abilities, Weirdness & Mutations

You are immune to sickness and miasma.
You are immune to poison.
Your flesh is very heat resistant. (rF++)
You are vulnerable to cold. (rC-)
You float through the air rather than walking.
You learn spells naturally, not from books.
Your magical power is your life essence.
You have superior vitality. (+4 MHP)


Message History

You hit the orc.
The orc is almost dead.
You hit the orc. x2
You kill the orc!
The orc closely misses you. You block the orc's attack.
The orc hits you but does no damage.
The orc priest calls upon Beogh to heal the orc.
The orc's wounds heal themselves!
The orc completely misses you.
The orc priest hits you with a +0 flail.
The orc hits you with a +0 short sword.
There is an open door, spattered with blood here.
You see here a hobgoblin corpse.
You barely miss the orc priest. You closely miss the orc. You hit the orc.
You kill the orc!
The orc priest hits you with a +0 flail!
You block the orc's attack.
You closely miss the orc priest. You hit the orc.
The orc priest hits you with a +0 flail!
* * * LOW HITPOINT WARNING * * *
The orc hits you with a +0 short sword.
* * * LOW HITPOINT WARNING * * *
You hit the orc priest but do no damage.
You barely miss the orc.
The orc priest looks encouraged for a moment.
The orc barely misses you.
You closely miss the orc priest. You slash the orc!
You kill the orc!
The orc priest barely misses you.
The orc priest hits you with a +0 flail.
* * * LOW HITPOINT WARNING * * *
You hit the orc priest.
The orc priest is moderately wounded.
The orc priest hits you with a +0 flail.
* * * LOW HITPOINT WARNING * * *
You slash the orc priest!
The orc priest is almost dead.
The orc priest invokes the aid of Beogh against you.
Beogh smites you!
You die...

#.###.####... #.
#.###)# #.. #[####.
#....<#####.# .......
#####.......# ...###.
......#####.# .......
#####.### #.# ####
...#### #...#
#.######$$.## # #
#######.###....)#.8.8$#
#
............###.@o..$_#
# #####.#.#####
#)#.8.8.# # #.#.#
#.##$..## # #.#.## #.#
#### # #....# #.# #
#######..# #.# #
#))).....# #.# #
#.####.### #.# #
#.##⌠#.#⌠# #


You could see an orc priest.

Vanquished Creatures
  An orc priest (D:3)
  A jelly (D:3)
  Jessica (D:3)
  Terence (D:3)
  2 adders
  A worm (D:2)
  A dart slug (D:2)
  7 orcs (D:3)
  8 bats
  6 endoplasms
  2 giant cockroaches
  9 goblins
  4 hobgoblins
  2 jackals (D:2)
  3 quokkas
  3 ball pythons
  3 frilled lizards
  3 kobolds
  10 rats
68 creatures vanquished.

Notes
Turn   | Place    | Note
-------+----------+-------------------------------------------
     0 | D:1      | Banquo the Djinni Fighter began the quest for the Orb.
     0 | D:1      | Reached XP level 1. HP: 20/20 MP: 0/0
    96 | D:1      | Reached skill level 2 in Axes
   104 | D:1      | Reached XP level 2. HP: 25/25 MP: 0/0
   380 | D:1      | Found Bosanoar's Weapon Shoppe.
   424 | D:1      | Reached XP level 3. HP: 30/30 MP: 0/0
   424 | D:1      | Learned a level 1 spell: Foxfire
   476 | D:1      | Found a faded altar of an unknown god.
   744 | D:2      | Reached skill level 3 in Axes
   820 | D:2      | Reached XP level 4. HP: 35/35 MP: 0/0
  1345 | D:3      | Noticed Terence
  1425 | D:3      | Noticed Jessica
  1440 | D:3      | Killed Jessica
  1574 | D:3      | Reached XP level 5. HP: 40/40 MP: 0/0
  1574 | D:3      | Learned a level 2 spell: Poisonous Vapours
  1713 | D:3      | Killed Terence
  1745 | D:3      | Reached skill level 4 in Axes
  1745 | D:3      | Reached XP level 6. HP: 32/46 MP: 0/0
  1801 | D:3      | Killed from afar by an orc priest

Illustrated notes

Levels and vault maps discovered:
D:1:      dpeg_arrival_oval, layout_rooms,
          hellmonk_ecumenical_altar_leap_of_faith, serial_shops, shop
D:2:      layout_loops_ring
D:3:      layout_loops_ring, mainiacjoe_overflow_alcove_2,
          kennysheep_orc_chapel, uniq_terence, uniq_jessica

Skill      XL: |  1  2  3  4  5 |
---------------+----------------+-----
Axes           | 2 3 4 |  4.1
Fighting       | |  3.4
Armour         | |  3.1
Dodging        | |  0.5
Shields        | |  3.2
Spellcasting   | |  0.9

Action                     |  1- 3 |  4- 6 || total
---------------------------+-------+-------++-------
  Melee: War axe           |   108 |    92 ||   200
    Use: Scroll            |     5 |     6 ||    11
 Armour: Scale mail        |    62 |    19 ||    81
         Ring mail         |       |    11 ||    11
  Dodge: Dodged            |    47 |    48 ||    95
  Block: Buckler           |    22 |    29 ||    51

Table legend: (Time is in decaauts)
 A = Elapsed time spent in this place.
 B = Non-inter-level travel time spent in this place.
 C = Inter-level travel time spent in this place.
 D = Time resting spent in this place.
 E = Time spent auto-exploring this place.
 F = Levels seen in this place.
 G = Mean time per level.
                   A        B        C        D        E       F      G
               +--------+--------+--------+--------+--------+-----+--------+
         Total |   1882 |   1650 |    232 |     74 |    841 |   3 |  627.3 |
       Dungeon |   1882 |   1650 |    232 |     74 |    841 |   3 |  627.3 |
               +--------+--------+--------+--------+--------+-----+--------+

Top non-repeatable levels by time:
     D:2: 837 daAuts
     D:1: 647 daAuts
     D:3: 397 daAuts
